AoeStats
← henrim667

Black Forest

506444200Analyzed
2v2 RM · 18d ago on Sep 13, 2026· 56m 53s· 4 players
Game mode
Random Map
Map size
Medium (4 player)
Population
200
Speed
Normal
Resources
Standard
Victory
Conquest
Starting age
Dark Age
Ending age
Imperial Age
RankedLock teamsTeams togetherTeam positionsShared explorationLock speedFull tech treeHidden civsTurbo modeCheats
Victory
Defeat
🇧🇪 Lithuanians · Belgium
920
+15
🇫🇷 Turks · France
853
+18
🇩🇪 Bulgarians · Germany
912
-17
🇪🇸 Spanish · Spain
885
-16
Primo_Pixha
0:30 Loom
16:13 Feudal Age
17:05 Double-Bit Axe
18:32 Fishing Lines
24:41 Castle Age
24:36 Horse Collar
31:34 Imperial Age
32:01 Gillnets
33:34 Wheelbarrow
33:36 Gold Mining
38:20 Caravan
40:11 Hand Cart
39:49 Stone Mining
44:06 Fletching
44:17 Padded Archer Armor
44:08 Elite Conquistador
45:15 Conscription
48:34 Bodkin Arrow
48:54 Leather Archer Armor
Dankemerkel21
16:21 Feudal Age
21:45 Castle Age
23:09 Horse Collar
23:16 Double-Bit Axe
24:14 Bow Saw
24:05 Heavy Plow
23:59 Gold Mining
24:21 Pikeman
29:02 Fervor
32:29 Stirrups
35:26 Forging
35:21 Scale Barding Armor
36:21 Ballistics
35:56 Murder Holes
39:38 Imperial Age
37:46 Wheelbarrow
36:56 Town Watch
37:58 Loom
38:53 Iron Casting
38:18 Scale Mail Armor
38:23 Caravan
38:53 Coinage
39:28 Squires
39:15 Arson
39:48 Chain Mail Armor
39:56 Hand Cart
39:42 Town Patrol
39:54 Masonry
39:45 Halberdier
40:59 Plate Mail Armor
41:30 Blast Furnace
41:01 Banking
43:00 Chemistry
42:31 Architecture
46:15 Crop Rotation
51:58 Siege Engineers
52:32 Gold Shaft Mining
raz_mary
1:41 Loom
15:01 Feudal Age
18:17 Town Watch
21:53 Double-Bit Axe
22:24 Man-at-Arms
27:55 Castle Age
25:52 Arson
27:07 Stone Mining
27:36 Horse Collar
28:53 Long Swordsman
34:02 Bow Saw
38:14 Sipahi
40:05 Wheelbarrow
40:46 Gold Mining
41:35 Hand Cart
42:21 Forging
42:12 Scale Mail Armor
42:18 Scale Barding Armor
45:57 Imperial Age
44:08 Squires
45:18 Town Patrol
46:50 Chain Barding Armor
46:46 Chain Mail Armor
47:06 Iron Casting
47:01 Cavalier
47:41 Husbandry
49:47 Two-Man Saw
50:37 Bloodlines
52:27 Plate Barding Armor
52:23 Plate Mail Armor
52:53 Blast Furnace
51:44 Fletching
51:55 Padded Archer Armor
57:02 Gold Shaft Mining
56:13 Elite Janissary
57:15 Conscription
henrim667
10:30 Feudal Age
11:54 Double-Bit Axe
13:59 Horse Collar
14:39 Gold Mining
15:59 Wheelbarrow
19:47 Castle Age
19:35 Forging
19:31 Scale Barding Armor
20:43 Bow Saw
21:47 Heavy Plow
23:46 Iron Casting
24:11 Chain Barding Armor
23:55 Husbandry
26:26 Bloodlines
27:38 Stone Mining
30:07 Hand Cart
34:34 Imperial Age
36:11 Cavalier
37:46 Plate Barding Armor
37:43 Paladin
44:36 Stone Shaft Mining
50:02 Two-Man Saw
Connection lost

Rejoining the realm…

Still unreachable

The connection could not be restored.

Session expired

The server has moved on; the page needs a fresh start.